Map: Orbital Shipyard

Players

Tomxian - Winner!

  • Race: Zerg Zerg
  • League: Diamond

LilDicky

  • Race: Terran Terran
  • League: Diamond

VOD

http://www.twitch.tv/tumescentpie

Description

Time

  • Played on: Jan. 3, 2016, 1:17 a.m.
  • Length: 34:04
Show
View Real Time Build Order
Export as new Build Order

Tomxian Zerg - Winner!

Build Orders: 3 Hatch before Pool, Lurkers, Muta Ling Bane 

Get SALT Encoding   

  12  0:01  Drone  
  13  0:08  Drone  
  13  0:13  Extractor  
  13  0:16  Drone  
  15  0:23  Overlord  
  15  0:41  Drone x2  
  17  0:44  Drone  
  18  1:00  Hatchery  
  18  1:01  Drone  
  18  1:14  Extractor  
  18  1:26  Drone  
  18  1:28  Hatchery  
  18  1:30  Drone  
  19  1:35  Overlord  
  19  1:41  Drone  
  20  1:49  Extractor  
  19  1:56  Drone  
  20  2:01  Drone, Spawning Pool  
  20  2:12  Drone  
  20  2:13  Drone  
  22  2:26  Drone  
  23  2:34  Drone  
  24  2:37  Drone  
  25  2:46  Drone  
  25  2:48  Queen  
  25  2:49  Queen  
  25  2:50  Zergling x2  
  32  2:51  Zergling x2  
  32  2:52  Drone  
  33  2:58  Metabolic Boost  
  33  3:06  Queen  
  33  3:11  Drone x2, Overlord  
  37  3:13  Drone  
  37  3:16  Drone  
  39  3:22  Drone x3  
  42  3:34  Drone x2  
  42  3:35  Drone x2  
  42  3:40  Drone  
  47  3:42  Overlord, Queen  
  47  3:43  Drone  
  50  3:53  Extractor x2  
  48  3:58  Overlord  
  48  4:02  Drone x2  
  50  4:03  Drone x7  
  55  4:18  Evolution Chamber  
  55  4:20  Zergling x2  
  55  4:21  Evolution Chamber, Drone  
  55  4:22  Drone x7  
  62  4:27  Extractor  
  62  4:30  Extractor  
  62  4:31  Extractor  
  59  4:32  Overlord  
  59  4:33  Lair  
  59  4:47  Baneling Nest  
  59  4:49  Overlord  
  59  4:51  Drone  
  59  4:52  Overlord, Drone  
  60  4:53  Drone x3  
  60  4:54  Drone x2  
  65  5:08  Zergling x4  
  65  5:10  Zerg Ground Armor Level 1, Zerg Melee Weapons Level 1  
  65  5:11  Drone x2  
  65  5:12  Zergling x2  
  65  5:13  Zergling x4  
  72  5:18  Zergling x6  
  75  5:24  Drone  
  77  5:28  Zergling x4  
  77  5:29  Drone  
  77  5:30  Drone, Centrifical Hooks  
  77  5:32  Drone  
  77  5:34  Drone  
  82  5:36  Overlord  
  82  5:38  Pneumatized Carapace  
  82  5:39  Burrow  
  82  5:50  Spire  
  82  5:52  Hydralisk Den  
  77  5:57  Drone x4, Overlord  
  77  5:58  Overlord  
  81  6:13  Drone x6  
  81  6:14  Drone x2  
  81  6:18  Baneling x6  
  89  6:19  Spine Crawler  
  89  6:21  Drone  
  89  6:22  Drone  
  89  6:23  Overlord  
  89  6:24  Drone  
  89  6:25  Hatchery  
  90  6:31  Lurker Den  
  90  6:37  Spore Crawler  
  90  6:38  Spine Crawler  
  88  6:40  Drone x3  
  88  6:41  Spine Crawler x2  
  89  7:05  Baneling  
  89  7:06  Baneling x3  
  89  7:08  Corruptor  
  89  7:09  Mutalisk x4  
  89  7:10  Mutalisk  
  89  7:13  Hydralisk x4  
  89  7:14  Hydralisk x2  
  113  7:19  Overlord  
  113  7:20  Overlord x3  
  113  7:21  Infestation Pit  
  112  7:27  Drone  
  113  7:39  Drone x3, Hydralisk  
  113  7:40  Hydralisk  
  113  7:42  Zerg Melee Weapons Level 2  
  120  7:44  Zerg Ground Armor Level 2  
  120  7:45  Extractor  
  120  7:46  Extractor  
  120  7:47  Drone x3  
  121  8:00  Lurker x2  
  121  8:01  Drone x2  
  121  8:02  Drone x4  
  129  8:09  Drone x2  
  131  8:13  Drone  
  131  8:14  Drone x3  
  135  8:22  Lurker x2  
  135  8:23  Lurker x2  
  135  8:26  Lurker  
  140  8:31  Lurker  
  141  8:39  Queen  
  143  8:42  Hive  
  143  8:44  Zerg Flyer Weapons Level 1  
  143  8:49  Pathogen Glands  
  143  9:02  Zergling x8  
  145  9:10  Drone  
  145  9:15  Hatchery  
  145  9:23  Zergling x2  
  146  9:26  Corruptor  
  146  9:27  Corruptor x2  
  152  9:33  Overlord  
  152  9:34  Overlord  
  152  9:37  Overlord x2  
  152  9:44  Spire  
  151  10:00  Zerg Melee Weapons Level 3  
  151  10:01  Ultralisk Cavern  
  151  10:05  Evolution Chamber  
  147  10:17  Hatchery  
  145  10:39  Greater Spire  
  145  10:45  Hatchery  
  145  10:49  Chitinous Plating  
  144  10:50  Hatchery  
  144  10:53  Zerg Missile Weapons Level 1, Zerg Ground Armor Level 3  
  143  11:09  Corruptor  
  143  11:10  Corruptor x3  
  151  11:12  Overlord x2, Viper x2  
  151  11:13  Viper x2  
  151  11:14  Viper  
  166  11:22  Drone  
  166  11:23  Drone x6  
  166  11:24  Drone  
  166  11:25  Hatchery  
  173  11:41  Zerg Flyer Weapons Level 2  
  173  12:02  Corruptor x3, Zerg Flyer Armor Level 1  
  173  12:03  Corruptor x2  
  173  12:05  Hatchery  
  182  12:11  Extractor  
  182  12:12  Extractor  
  179  12:27  Overseer x2  
  179  12:28  Overseer  
  179  12:33  Corruptor x4  
  179  12:34  Corruptor x4  
  184  12:56  Brood Lord  
  184  12:57  Brood Lord x2  
  190  13:26  Corruptor  
  192  13:39  Zerg Missile Weapons Level 2  
  192  13:45  Extractor  
  192  13:48  Extractor  
  190  13:50  Spore Crawler  
  190  13:52  Spore Crawler, Spine Crawler  
  175  14:21  Viper x5  
  171  14:26  Viper  
  172  14:36  Zergling x2  
  172  14:37  Zergling x14  
  180  14:40  Zergling x2  
  180  14:41  Zergling x2  
  180  14:44  Drone  
  178  15:00  Drone x2  
  178  15:02  Drone  
  180  15:12  Drone x2  
  182  15:14  Drone x3  
  184  15:34  Brood Lord x6  
  184  15:35  Corruptor  
  198  15:46  Zerg Flyer Weapons Level 3, Zerg Flyer Armor Level 2  
  198  16:18  Corruptor x2  
  179  16:26  Drone x3  
  182  16:41  Drone x3  
  182  16:45  Corruptor x3  
  187  16:47  Drone x4  
  190  16:54  Spore Crawler  
  189  17:03  Drone x3  
  189  17:05  Corruptor x2  
  192  17:12  Drone x2, Spine Crawler  
  192  17:14  Spine Crawler  
  192  17:17  Spine Crawler  
  192  17:19  Drone  
  187  17:37  Spore Crawler  
  187  17:38  Spore Crawler x2  
  187  17:39  Zergling x6  
  187  17:40  Spore Crawler  
  183  17:48  Corruptor  
  182  18:24  Extractor  
  182  18:26  Spine Crawler  
  171  18:27  Spine Crawler  
  171  18:28  Spore Crawler, Spine Crawler  
  171  18:29  Spore Crawler  
  171  18:31  Spine Crawler  
  171  18:32  Extractor  
  149  18:46  Drone  
  149  18:47  Drone x2  
  149  18:48  Drone  
  153  18:49  Zergling x4  
  155  19:06  Zergling x6  
  157  19:15  Hatchery  
  156  19:27  Hatchery  
  151  19:35  Queen  
  151  19:36  Queen x2  
  152  19:38  Zerg Flyer Armor Level 3  
  147  19:45  Zergling x2  
  147  19:46  Zergling x2  
  149  19:59  Extractor x2  
  147  20:00  Spine Crawler x2  
  147  20:02  Spore Crawler  
  147  20:03  Spine Crawler  
  143  20:10  Corruptor x2  
  143  20:11  Corruptor x3  
  151  20:37  Drone  
  152  20:46  Corruptor x2  
  151  20:59  Spore Crawler  
  148  21:08  Spine Crawler  
  148  21:09  Spine Crawler  
  145  21:20  Drone x3  
  145  21:21  Drone x2  
  150  21:32  Corruptor x2, Brood Lord x2  
  156  21:33  Corruptor x2, Brood Lord  
  159  22:00  Queen  
  131  22:15  Drone x2  
  131  22:16  Corruptor  
  131  22:20  Corruptor x2  
  131  22:21  Corruptor  
  136  22:24  Overseer  
  134  22:55  Overlord  
  134  23:07  Spine Crawler x2  
  134  23:08  Spore Crawler, Spine Crawler, Drone x4  
  134  23:09  Drone  
  134  23:10  Spore Crawler  
  134  23:11  Drone x3  
  138  23:31  Drone x4  
  138  23:32  Drone x8  
  138  23:33  Drone x2  
  134  24:00  Extractor  
  134  24:01  Extractor  
  132  24:03  Spore Crawler  
  132  24:04  Spore Crawler  
  132  24:08  Brood Lord x3  
  132  24:09  Brood Lord  
  138  24:18  Drone  
  138  24:19  Drone x3  
  138  24:21  Drone x2  
  138  24:22  Drone  
  145  24:37  Hatchery  
  144  24:50  Drone x3  
  144  24:51  Drone x4  
  151  24:59  Drone  
  153  25:00  Drone x2  
  153  25:02  Drone x3  
  138  25:49  Drone  
  128  26:02  Hatchery  
  127  26:06  Drone  
  125  26:31  Spine Crawler  
  125  26:32  Spine Crawler  
  123  26:33  Spine Crawler, Zergling x4  
  123  26:34  Zergling x4  
  126  26:47  Hatchery  
  126  26:50  Overseer  
  126  26:51  Drone  
  126  26:52  Drone x3  
  125  27:23  Drone x3  
  125  27:29  Hatchery  
  127  27:32  Ultralisk  
  127  27:33  Ultralisk x4  
  157  27:38  Hatchery  
  154  28:01  Corruptor  
  154  28:02  Corruptor x3  
  154  28:03  Corruptor  
  170  28:41  Drone x3  
  170  28:47  Drone  
  165  28:51  Mutalisk  
  167  29:04  Lair  
  159  29:44  Drone x3  
  162  29:49  Hatchery  
  161  29:53  Lair  
  161  29:54  Drone  
  162  30:04  Ultralisk  
  162  30:23  Extractor  
  162  30:25  Extractor  
  160  30:47  Hatchery  
  160  30:48  Spore Crawler  
  160  30:49  Spine Crawler  
  157  30:51  Spore Crawler x2  
  157  30:52  Ultralisk  
  157  30:53  Ultralisk x2  
  170  31:02  Spire  
  169  31:04  Drone x3  
  169  31:09  Drone x5  
  177  31:19  Overlord  
  177  31:21  Hatchery, Overlord  
  176  31:34  Overlord x4  
  174  31:49  Infestation Pit  
  174  31:50  Spire  
  172  31:58  Drone x3  
  172  31:59  Drone  
  176  32:15  Spine Crawler  
  173  32:28  Hatchery  
  173  32:29  Drone x2  
  174  32:38  Corruptor  
  174  32:41  Drone  
  177  32:57  Hatchery  
  176  33:00  Drone  
  177  33:06  Drone x3  
  177  33:07  Drone  
  181  33:16  Drone  
  182  33:46  Hatchery  
Show
View Real Time Build Order
Export as new Build Order

LilDicky Terran 

Build Orders: Command Center First (CC) 

Get SALT Encoding   

  12  0:04  SCV  
  13  0:17  SCV  
  13  0:21  Supply Depot  
  14  0:29  SCV  
  15  0:42  SCV  
  16  0:56  SCV  
  17  1:08  Command Center, SCV  
  18  1:20  SCV  
  19  1:29  Barracks  
  19  1:32  SCV  
  20  1:44  SCV  
  20  1:45  Refinery  
  20  1:46  Refinery  
  21  1:56  SCV  
  22  2:08  SCV  
  23  2:21  Supply Depot  
  23  2:22  Marine  
  24  2:23  Orbital Command x2  
  24  2:40  Marine  
  25  2:51  Command Center, SCV  
  26  2:52  SCV  
  26  2:58  Marine  
  28  3:02  Factory  
  28  3:06  SCV  
  29  3:15  SCV  
  29  3:18  Marine  
  29  3:19  SCV  
  32  3:28  SCV  
  32  3:33  SCV  
  34  3:37  Marine  
  35  3:42  SCV, Refinery x2  
  35  3:46  Factory Tech Lab  
  36  3:49  SCV  
  36  3:50  Starport  
  36  3:54  SCV  
  38  3:55  Command Center  
  38  4:01  SCV  
  38  4:02  Marine  
  40  4:13  Liberator  
  40  4:18  Orbital Command  
  40  4:20  Siege Tank  
  40  4:23  SCV  
  44  4:25  SCV  
  44  4:29  Marine  
  49  4:40  Orbital Command  
  49  4:41  Bunker  
  49  4:42  SCV  
  50  4:50  SCV  
  51  4:54  SCV  
  51  4:57  Siege Tank  
  55  5:02  SCV  
  56  5:08  SCV  
  56  5:10  Marine  
  56  5:11  Orbital Command  
  56  5:13  SCV  
  59  5:14  Command Center  
  59  5:15  Liberator  
  59  5:25  SCV  
  59  5:27  Engineering Bay  
  60  5:28  Marine  
  60  5:29  SCV, Siege Tank  
  68  5:37  SCV  
  68  5:38  Starport  
  68  5:39  SCV  
  68  5:40  Starport  
  68  5:41  SCV  
  71  5:49  SCV  
  72  5:51  SCV  
  72  5:52  Marine  
  74  5:58  Missile Turret  
  74  6:02  SCV x2  
  76  6:07  Siege Tank  
  76  6:10  SCV  
  80  6:14  SCV x2  
  80  6:15  SCV  
  83  6:19  Starport Reactor, Starport Tech Lab  
  83  6:20  Starport Reactor  
  83  6:21  Missile Turret  
  83  6:22  SCV  
  83  6:24  Armory  
  84  6:26  SCV  
  84  6:27  SCV, Missile Turret  
  84  6:28  Armory  
  84  6:30  SCV  
  88  6:33  Missile Turret  
  88  6:35  SCV, Missile Turret  
  88  6:37  Orbital Command  
  88  6:38  SCV  
  88  6:39  SCV  
  90  6:42  SCV, Missile Turret x2  
  90  6:47  SCV, Refinery  
  92  6:49  Refinery  
  92  6:50  SCV  
  92  6:51  SCV  
  94  6:54  SCV  
  95  7:04  Missile Turret  
  95  7:06  Missile Turret x2, Liberator x3  
  95  7:08  Missile Turret  
  95  7:09  Missile Turret  
  95  7:12  Missile Turret x2  
  95  7:15  Siege Tank, Missile Turret  
  98  7:16  Missile Turret  
  107  7:33  Supply Depot  
  107  7:35  Supply Depot  
  107  7:36  Supply Depot  
  107  7:37  Supply Depot, Liberator  
  107  7:38  Supply Depot, Missile Turret  
  107  7:43  Terran Vehicle And Ship Armor Level 1  
  107  7:44  Terran Ship Weapons Level 1  
  107  7:48  Fusion Core  
  107  7:55  SCV x3  
  107  7:57  Thor  
  107  7:58  SCV  
  120  7:59  Missile Turret  
  120  8:05  Command Center  
  120  8:11  Missile Turret  
  121  8:18  Hi-Sec Auto Tracking  
  120  8:40  Thor  
  126  8:50  Liberator  
  126  8:52  Liberator  
  126  8:53  Liberator  
  126  9:01  Missile Turret x2  
  126  9:02  Missile Turret  
  126  9:05  Missile Turret  
  126  9:08  Battlecruiser  
  129  9:13  Advanced Ballistics  
  135  9:20  Command Center  
  135  9:23  Command Center  
  135  9:33  SCV  
  135  9:34  SCV x4  
  140  9:42  Missile Turret x2  
  140  9:43  Terran Vehicle And Ship Armor Level 2, Missile Turret  
  140  9:44  Terran Ship Weapons Level 2  
  140  9:45  SCV  
  141  9:55  Missile Turret  
  140  10:01  Missile Turret  
  139  10:07  Missile Turret  
  139  10:08  Missile Turret  
  139  10:10  Missile Turret  
  139  10:11  Banshee  
  138  10:36  Liberator x2  
  138  10:48  Planetary Fortress  
  138  10:54  Thor  
  150  11:04  Barracks, Missile Turret x2  
  150  11:25  Missile Turret  
  150  11:26  Liberator  
  150  11:27  Liberator x3  
  150  11:32  Missile Turret  
  150  11:33  Missile Turret  
  150  11:39  SCV  
  153  11:40  SCV x3  
  153  11:43  Battlecruiser  
  172  12:09  Refinery, Liberator  
  172  12:11  Refinery  
  172  12:21  Refinery  
  172  12:23  Refinery  
  175  12:30  Missile Turret  
  175  12:43  Siege Tank  
  178  12:44  Terran Vehicle And Ship Armor Level 3, Terran Ship Weapons Level 3  
  176  12:52  Missile Turret  
  176  12:55  Starport x3  
  176  13:00  Supply Depot x2  
  176  13:02  Supply Depot  
  176  13:04  Supply Depot  
  176  13:05  Supply Depot  
  176  13:15  Missile Turret  
  176  13:21  Missile Turret  
  176  13:23  Command Center  
  175  13:30  Thor  
  175  13:33  Banshee, Viking  
  175  13:34  Viking x2  
  187  13:38  Factory  
  187  13:39  Factory  
  187  13:41  Factory  
  187  13:50  Planetary Fortress  
  187  13:51  Planetary Fortress, Liberator x2  
  192  14:15  Banshee, Starport Tech Lab x2  
  192  14:16  Starport Tech Lab  
  189  14:22  Liberator  
  150  14:40  Banshee x3  
  150  14:42  Widow Mine x4  
  170  14:49  Drilling Claws  
  170  14:58  Banshee, Missile Turret  
  155  15:00  Missile Turret  
  155  15:01  Missile Turret  
  155  15:10  Widow Mine x3  
  155  15:11  Widow Mine  
  157  15:40  Cloaking Field, Hyperflight Rotors  
  157  15:42  Banshee x3  
  160  15:43  Banshee  
  169  15:51  Hellion x2  
  169  15:52  Hellion x2  
  168  16:13  Hellion x4  
  176  16:20  Viking  
  176  16:21  Viking  
  176  16:25  Banshee x2  
  183  16:26  Battlecruiser  
  186  16:37  Banshee  
  186  16:39  Hellion x4  
  187  16:57  Infernal Pre-Igniter  
  187  16:59  Terran Vehicle Weapons Level 1  
  187  17:00  Hellion  
  187  17:01  Hellion x3  
  195  17:05  Missile Turret  
  195  17:07  Missile Turret  
  195  17:08  Banshee  
  198  17:10  Missile Turret  
  198  17:22  Hellion  
  198  17:28  Banshee x2  
  141  18:37  Hellion x4  
  123  18:58  Hellion x3  
  123  18:59  Hellion  
  118  19:10  Banshee x4  
  130  19:19  Hellion x2  
  130  19:20  Hellion x2  
  138  19:41  Hellion x4  
  146  19:53  Banshee x4  
  153  20:02  Hellion x2  
  153  20:03  Hellion x2  
  161  20:10  Liberator x2  
  161  20:11  Liberator x2  
  161  20:19  Liberator x2  
  158  20:24  Hellion x4  
  171  20:36  Banshee x2  
  178  20:45  Hellion  
  178  20:46  Command Center  
  166  21:07  Missile Turret  
  166  21:08  Missile Turret x2  
  166  21:09  Missile Turret  
  166  21:11  Missile Turret  
  166  21:12  Refinery, Missile Turret  
  166  21:13  Missile Turret  
  166  21:16  Viking x4, Refinery  
  166  21:19  Viking x4  
  161  21:46  Viking  
  126  22:14  Viking x4  
  126  22:15  Viking x2  
  132  22:17  Hellion x4  
  140  22:38  Hellion x3  
  137  22:53  Banshee  
  137  22:54  Banshee  
  137  22:55  Viking x2  
  147  23:03  Hellion x3  
  153  23:07  Thor  
  153  23:24  Hellion  
  153  23:25  Hellion x2  
  157  23:28  Command Center  
  151  23:35  Missile Turret  
  151  23:36  Missile Turret  
  151  23:46  Hellion x3  
  151  23:51  Hellion  
  124  24:07  Hellion x3  
  130  24:12  Hellion  
  130  24:29  Hellion x3  
  132  24:34  Hellion  
  114  24:46  Banshee x4  
  114  24:47  Viking  
  114  24:50  Hellion x3  
  128  24:55  Hellion  
  116  25:11  Hellion x2  
  95  25:46  Hellion  
  95  25:47  Banshee x3, Hellion x3  
  95  25:48  Viking  
  95  25:49  Viking  
  110  26:08  Hellion  
  87  26:45  Banshee x3  
  87  26:46  Banshee  
  88  26:47  Viking  
  81  27:16  Hellion x4  
  89  27:28  Banshee, Raven  
  93  27:45  Widow Mine x2  
  69  28:47  Hellion x3  
  58  29:42  Viking x2  
  55  30:12  Viking  
  55  30:13  Viking  
  43  31:28  Hellion  
Tags
 
Add a new tag
Caveats
  • Supply blocks, unpowered buildings, or Contaminate may cause inaccurate times.
  • Supply counts are checked every 10 seconds.